[Event "Turkish Super League 2019"]
[Site "Konya"]
[Date "2019.07.25"]
[Round "10"]
[White "Tasdogen, Dincer"]
[Black "Firat, Burak"]
[Result "1/2-1/2"]
[ECO "A30"]
[WhiteElo "2310"]
[BlackElo "2463"]
[Annotator "ChessBase"]
[PlyCount "84"]
[EventDate "2019.07.17"]
[EventType "team-tourn"]
[EventCountry "TUR"]
[SourceTitle "playchess.com"]
[Source "ChessBase"]
[SourceQuality "1"]
[TimeControl "40/5400+30:1800+30"]

1. Nf3 c5 2. c4 Nf6 3. g3 b6 4. Bg2 Bb7 5. O-O g6 6. Nc3 Bg7 7. d3 O-O 8. Bg5 h6 9. Bd2 d5 10. cxd5 Nxd5 11. Qc1 Kh7 12. a3 Qd7 13. Nxd5 Bxd5 14. Bc3 Bxc3 15. Qxc3 Nc6 16. Ne5 Nxe5 17. Qxe5 Bxg2 18. Kxg2 Rac8 19. Rac1 Rc6 20. b4 Rfc8 21. b5 Re6 22. Qb2 Rd8 23. Rc4 Qd5+ 24. Kg1 Qh5 25. Rf4 Kg8 26. Rf3 Rd5 27. Kg2 Rd4 28. Qb3 Qd5 29. Qxd5 Rxd5 30. Re3 Rd4 31. Rxe6 fxe6 32. Rb1 e5 33. Kf3 Kf7 34. Ke3 Ke6 35. Kd2 e4 36. Kc3 Kf5 37. f3 exd3 38. exd3 e5 39. Re1 g5 40. Re4 h5 41. h3 Ke6 42. Kd2 h4 1/2-1/2

[Event "Turkish Super League 2019"]
[Site "Konya"]
[Date "2019.07.25"]
[Round "10"]
[White "Caglar, Sila"]
[Black "Ayan, Bengu Sena"]
[Result "1-0"]
[ECO "C04"]
[WhiteElo "2306"]
[BlackElo "1885"]
[Annotator "NA"]
[PlyCount "77"]
[EventDate "2019.07.17"]
[EventType "team-tourn"]
[EventCountry "TUR"]
[SourceTitle "playchess.com"]
[Source "ChessBase"]
[SourceQuality "1"]
[TimeControl "40/5400+30:1800+30"]

1. e4 e6 2. d4 d5 3. Nd2 Nc6 4. Ngf3 Nf6 5. e5 Nd7 6. Nb3 Be7 7. Bb5 a6 8. Bxc6 bxc6 9. Na5 Nb8 10. O-O c5 11. c4 c6 12. Qa4 cxd4 13. Nb3 O-O 14. cxd5 cxd5 15. Nbxd4 Bd7 16. Qc2 Ra7 17. Bf4 Rc7 18. Qd3 Rb7 19. b3 a5 20. Rfc1 f6 21. Rc2 fxe5 22. Bxe5 Bf6 23. Re1 Re8 24. Qc3 a4 25. Rce2 axb3 26. axb3 Na6 27. Bxf6 Qxf6 28. Ne5 Rf8 29. Qa5 Nb8 30. Nxd7 Rxd7 31. Nxe6 Re8 32. g3 Rd6 33. Nf4 Rxe2 34. Rxe2 Nc6 35. Qc7 h6 36. Nh5 Qg6 37. Nxg7 Nd4 38. Re8+ Kh7 39. Nf5+ 1-0

[Event "Turkish Super League 2019"]
[Site "Konya"]
[Date "2019.07.25"]
[Round "10"]
[White "Dordzhieva, Dinara"]
[Black "Ozturk, Kubra"]
[Result "1-0"]
[ECO "D02"]
[WhiteElo "2306"]
[BlackElo "2317"]
[Annotator "NA"]
[PlyCount "97"]
[EventDate "2019.07.17"]
[EventType "team-tourn"]
[EventCountry "TUR"]
[SourceTitle "playchess.com"]
[Source "ChessBase"]
[SourceQuality "1"]
[TimeControl "40/5400+30:1800+30"]

1. d4 d5 2. Bf4 Nf6 3. e3 e6 4. Nd2 c5 5. c3 Nc6 6. Ngf3 Bd6 7. Bg3 O-O 8. Bb5 Ne7 9. Bd3 cxd4 10. exd4 Nf5 11. Ne5 g6 12. Qe2 Nh5 13. Qf3 f6 14. Ng4 Nhg7 15. Bxd6 Qxd6 16. O-O e5 17. dxe5 fxe5 18. Qe2 e4 19. Bc2 Be6 20. Bb3 Rad8 21. Rad1 Qf4 22. Ne3 Kh8 23. Rfe1 Nh4 24. Ndf1 Qg5 25. Ng3 Rf4 26. Qd2 d4 27. Bxe6 Nxe6 28. cxd4 Nc5 29. Qa5 b6 30. Qc3 Nd3 31. d5+ Kg8 32. Re2 Rdf8 33. Rdd2 Ne5 34. d6 Nhf3+ 35. gxf3 Nxf3+ 36. Kg2 Qh6 37. Qc4+ Kh8 38. Qc3+ Kg8 39. Nef1 Rh4 40. Qc4+ Kh8 41. Qc3+ Kg8 42. Rxe4 Rxh2+ 43. Nxh2 Qxh2+ 44. Kf1 Nxd2+ 45. Qxd2 Qxg3 46. d7 Qh2 47. Qd5+ Kg7 48. Qd4+ Kf7 49. Rf4+ 1-0

[Event "Turkish Super League 2019"]
[Site "Konya"]
[Date "2019.07.25"]
[Round "10"]
[White "Maltsevskaya, Aleksandra"]
[Black "Savina, Anastasia"]
[Result "1/2-1/2"]
[ECO "A49"]
[WhiteElo "2294"]
[BlackElo "2344"]
[Annotator "NA"]
[PlyCount "63"]
[EventDate "2019.07.17"]
[EventType "team-tourn"]
[EventCountry "TUR"]
[SourceTitle "playchess.com"]
[Source "ChessBase"]
[SourceQuality "1"]
[TimeControl "40/5400+30:1800+30"]

1. Nf3 g6 2. g3 Bg7 3. d4 Nf6 4. Bg2 O-O 5. O-O d6 6. b3 a5 7. c4 Nc6 8. Nc3 Bf5 9. d5 Ne4 10. Nxe4 Bxe4 11. dxc6 Bxa1 12. Bh6 Bf6 13. Bxf8 Qxf8 14. Nd4 Bxg2 15. Kxg2 Qb8 16. f3 Ra6 17. cxb7 Qxb7 18. Qd3 a4 19. bxa4 Bxd4 20. Qxd4 Rxa4 21. Ra1 c5 22. Qc3 e5 23. Kf2 Qa6 24. Qd3 Kg7 25. Rd1 Rxa2 26. Qxd6 Qxd6 27. Rxd6 Rc2 28. Rd5 Rxc4 29. Rxe5 h5 30. f4 Rc1 31. Ke3 Rh1 32. Rxc5 1/2-1/2

[Event "Turkish Super League 2019"]
[Site "Konya"]
[Date "2019.07.25"]
[Round "10"]
[White "Yildiz Kadioglu, Betul Cemre"]
[Black "Tsolakidou, Stavroula"]
[Result "1/2-1/2"]
[ECO "B22"]
[WhiteElo "2290"]
[BlackElo "2423"]
[Annotator "NA"]
[PlyCount "64"]
[EventDate "2019.07.17"]
[EventType "team-tourn"]
[EventCountry "TUR"]
[SourceTitle "playchess.com"]
[Source "ChessBase"]
[SourceQuality "1"]
[TimeControl "40/5400+30:1800+30"]

1. e4 c5 2. c3 d5 3. exd5 Qxd5 4. d4 Nf6 5. Nf3 e6 6. Na3 a6 7. Nc2 Nbd7 8. Be2 Be7 9. O-O O-O 10. c4 Qd6 11. dxc5 Qxc5 12. Qd4 Qc6 13. Bf4 b6 14. Rad1 Bb7 15. Ne3 Bc5 16. Qc3 Rad8 17. b4 Ne4 18. Qb2 Be7 19. Ne5 Qa4 20. Nxd7 Rxd7 21. Rxd7 Qxd7 22. Be5 f6 23. Bd4 Bxb4 24. Bxb6 Bc3 25. Qc2 Be5 26. Rd1 Qc6 27. Bd4 Bb8 28. Bf3 Rc8 29. Bb2 Ba7 30. Bd4 Bb8 31. Bb2 Ba7 32. Bd4 Bb8 1/2-1/2

[Event "Turkish Super League 2019"]
[Site "Konya"]
[Date "2019.07.25"]
[Round "10"]
[White "Kilic, Efe Mert"]
[Black "Lobanov, Sergei"]
[Result "0-1"]
[ECO "B88"]
[WhiteElo "2275"]
[BlackElo "2505"]
[Annotator "ChessBase"]
[PlyCount "78"]
[EventDate "2019.07.17"]
[EventType "team-tourn"]
[EventCountry "TUR"]
[SourceTitle "playchess.com"]
[Source "ChessBase"]
[SourceQuality "1"]
[TimeControl "40/5400+30:1800+30"]

1. e4 c5 2. Nf3 d6 3. d4 cxd4 4. Nxd4 Nf6 5. Nc3 Nc6 6. Bc4 e6 7. Bb3 a6 8. O-O Be7 9. Be3 O-O 10. h3 Na5 11. f4 Qc7 12. f5 Nc4 13. Bxc4 Qxc4 14. Qd3 Qxd3 15. cxd3 Bd7 16. a4 h6 17. g4 e5 18. Nc2 Bc6 19. g5 hxg5 20. Bxg5 Rfd8 21. Ne3 Kf8 22. a5 Rac8 23. Kg2 Ke8 24. h4 d5 25. Bxf6 dxe4 26. Bxe7 exd3+ 27. Kf2 Kxe7 28. Ke1 Rh8 29. Kd2 Rxh4 30. f6+ Ke6 31. fxg7 Rh2+ 32. Kc1 Rg8 33. Nf5 Rc2+ 34. Kb1 Bg2 35. Ne3 Bxf1 36. Nxc2 dxc2+ 37. Kxc2 Bg2 38. Rg1 Rxg7 39. Kd2 Rg4 0-1

[Event "Turkish Super League 2019"]
[Site "Konya"]
[Date "2019.07.25"]
[Round "10"]
[White "Samani, Yamac"]
[Black "Heberla, Bartlomiej"]
[Result "0-1"]
[ECO "C50"]
[WhiteElo "2266"]
[BlackElo "2534"]
[Annotator "ChessBase"]
[PlyCount "114"]
[EventDate "2019.07.17"]
[EventType "team-tourn"]
[EventCountry "TUR"]
[SourceTitle "playchess.com"]
[Source "ChessBase"]
[SourceQuality "1"]
[TimeControl "40/5400+30:1800+30"]

1. e4 e5 2. Nf3 Nc6 3. Bc4 Bc5 4. O-O Nf6 5. d3 O-O 6. Re1 Ng4 7. Re2 Kh8 8. h3 f5 9. Nc3 Nf6 10. Bg5 f4 11. Nd5 Be7 12. Bxf6 Bxf6 13. b4 d6 14. b5 Ne7 15. Rd2 Ng6 16. d4 exd4 17. Nxf6 Qxf6 18. Rxd4 Bd7 19. Rb1 Rae8 20. Rb3 Ne5 21. Be2 Nxf3+ 22. Bxf3 Re5 23. Rc3 Qd8 24. a4 Be6 25. Bg4 Bf7 26. Qd2 h5 27. Bf3 Be6 28. Qe2 g6 29. Qd1 Rf7 30. Be2 Rh7 31. a5 b6 32. axb6 axb6 33. Ra4 Rg7 34. Qa1 Kh7 35. Ra8 Qg5 36. Qa7 Rc5 37. Rxc5 Qxc5 38. Rf8 Qxc2 39. Qb8 Bg8 40. Bf3 Qb1+ 41. Kh2 Qxb5 42. Rxf4 Qb2 43. Rf8 b5 44. Rc8 Qe5+ 45. g3 Qc5 46. Kg2 b4 47. Bd1 Qc4 48. Qb7 Be6 49. Rb8 Bxh3+ 50. Kxh3 Qf1+ 51. Kh2 Qxf2+ 52. Kh3 Qf1+ 53. Kh2 Rf7 54. g4 Rf2+ 55. Kg3 Qg1+ 56. Kh4 Qh2+ 57. Kg5 Qf4+ 0-1

[Event "Turkish Super League 2019"]
[Site "Konya"]
[Date "2019.07.25"]
[Round "10"]
[White "Keler, Faruk"]
[Black "Secer, Ata"]
[Result "0-1"]
[ECO "D77"]
[WhiteElo "2263"]
[BlackElo "2324"]
[Annotator "NA"]
[PlyCount "74"]
[EventDate "2019.07.17"]
[EventType "team-tourn"]
[EventCountry "TUR"]
[SourceTitle "playchess.com"]
[Source "ChessBase"]
[SourceQuality "1"]
[TimeControl "40/5400+30:1800+30"]

1. Nf3 d5 2. g3 Nf6 3. Bg2 g6 4. d4 Bg7 5. O-O O-O 6. c4 dxc4 7. Na3 Nc6 8. Nxc4 Be6 9. Nce5 Bd5 10. Bf4 Nxe5 11. Bxe5 c6 12. Qc2 Be4 13. Qb3 Qb6 14. Qa3 Nd5 15. Bxg7 Kxg7 16. e3 Qb4 17. Qxb4 Nxb4 18. Ne5 Bxg2 19. Kxg2 Rfd8 20. Rfc1 f6 21. Nc4 c5 22. dxc5 Nd3 23. Rd1 Nxc5 24. Na5 Rac8 25. Rxd8 Rxd8 26. Rc1 b6 27. Nc4 Nd3 28. Rc3 f5 29. Kf1 e5 30. b3 e4 31. Na3 Ne5 32. Rc7+ Kh6 33. Ke2 Nf3 34. Nb1 Nxh2 35. Rxa7 Nf3 36. a4 Rd3 37. Na3 Rd2+ 0-1

[Event "Turkish Super League 2019"]
[Site "Konya"]
[Date "2019.07.25"]
[Round "10"]
[White "Yaran, Siar"]
[Black "Ozer, Omer Faruk"]
[Result "0-1"]
[ECO "B31"]
[WhiteElo "2197"]
[BlackElo "2369"]
[Annotator "NA"]
[PlyCount "86"]
[EventDate "2019.07.17"]
[EventType "team-tourn"]
[EventCountry "TUR"]
[SourceTitle "playchess.com"]
[Source "ChessBase"]
[SourceQuality "1"]
[TimeControl "40/5400+30:1800+30"]

1. e4 c5 2. Nf3 Nc6 3. Bb5 g6 4. O-O Bg7 5. Bxc6 dxc6 6. d3 e5 7. Be3 b6 8. a4 a5 9. Nbd2 f6 10. Nc4 Be6 11. Nfd2 Nh6 12. b4 axb4 13. a5 bxa5 14. Bxc5 Bf8 15. Bb6 Qb8 16. Ra4 Be7 17. Qa1 O-O 18. Rxa5 Qb7 19. Ba7 Nf7 20. Qa2 Bd8 21. Ra4 Qb5 22. Ra1 f5 23. exf5 gxf5 24. Qb2 c5 25. Nxe5 Bf6 26. f4 Nxe5 27. fxe5 Bg5 28. Nf3 Be3+ 29. Kf1 Qb7 30. c3 b3 31. R1a3 Rfd8 32. Ke2 f4 33. c4 Bf5 34. d4 cxd4 35. Qxb3 Qxb3 36. Rxb3 Bc2 37. Rxe3 Bxa4 38. Re4 d3+ 39. Kd2 Rxa7 40. Nd4 Be8 41. Rxf4 Bg6 42. e6 Ra2+ 43. Kc3 Rc2+ 0-1

[Event "Turkish Super League 2019"]
[Site "Konya"]
[Date "2019.07.25"]
[Round "10"]
[White "Akdogan, Alperen"]
[Black "Ali Marandi, Cemil Can"]
[Result "0-1"]
[ECO "D93"]
[WhiteElo "2193"]
[BlackElo "2527"]
[Annotator "ChessBase"]
[PlyCount "62"]
[EventDate "2019.07.17"]
[EventType "team-tourn"]
[EventCountry "TUR"]
[SourceTitle "playchess.com"]
[Source "ChessBase"]
[SourceQuality "1"]
[TimeControl "40/5400+30:1800+30"]

1. d4 d5 2. Nf3 Nf6 3. c4 c6 4. Qc2 g6 5. Bf4 Bg7 6. e3 O-O 7. Nc3 Na6 8. a3 c5 9. Rd1 Qa5 10. cxd5 Nxd5 11. Be5 cxd4 12. Bxg7 Kxg7 13. Rxd4 Nxc3 14. Qxc3 Qxc3+ 15. bxc3 Nc5 16. Be2 b6 17. O-O Bb7 18. Rb4 Rfd8 19. a4 Rac8 20. Ra1 Ba6 21. Bxa6 Nxa6 22. Rd4 Nc5 23. Rxd8 Rxd8 24. Nd4 Ne4 25. f3 Nxc3 26. a5 b5 27. Nc6 Rd6 28. Nxa7 b4 29. Nc8 Rc6 30. Nxe7 Ra6 31. e4 b3 0-1

[Event "Turkish Super League 2019"]
[Site "Konya"]
[Date "2019.07.25"]
[Round "10"]
[White "Ozkan, Ervin"]
[Black "Tezcan, Emre"]
[Result "0-1"]
[ECO "A47"]
[WhiteElo "2175"]
[BlackElo "2082"]
[Annotator "NA"]
[PlyCount "86"]
[EventDate "2019.07.17"]
[EventType "team-tourn"]
[EventCountry "TUR"]
[SourceTitle "playchess.com"]
[Source "ChessBase"]
[SourceQuality "1"]
[TimeControl "40/5400+30:1800+30"]

1. d4 Nf6 2. Nf3 e6 3. Bf4 b6 4. e3 Bb7 5. Nbd2 Be7 6. h3 O-O 7. Bd3 d6 8. O-O Nbd7 9. Qe2 Re8 10. Bh2 Bf8 11. Rfd1 c5 12. c3 Qc7 13. a4 a6 14. e4 e5 15. dxe5 dxe5 16. Bc4 g6 17. g4 Re7 18. Bg3 h6 19. Ne1 Bg7 20. Ng2 Nf8 21. f3 Ne6 22. Nf1 Nf4 23. Nxf4 exf4 24. Bh2 Qc6 25. Bxf4 Nxe4 26. Bh2 Ng5 27. Qg2 Nxf3+ 28. Kh1 Qf6 29. Bd5 Bxd5 30. Rxd5 Rae8 31. Rd6 Re6 32. Rxe6 Rxe6 33. Bg3 Ng5 34. Bh4 Qf4 35. Bg3 Qc4 36. Nd2 Qd3 37. Rf1 Re2 38. Rf2 Rxf2 39. Qxf2 Nxh3 40. Qh2 Ng5 41. Qg2 Qc2 42. Nc4 Qd1+ 43. Kh2 Qxg4 0-1

[Event "Turkish Super League 2019"]
[Site "Konya"]
[Date "2019.07.25"]
[Round "10"]
[White "Aydin, Hakan Arda"]
[Black "Annaberdiyev, Babageldi"]
[Result "0-1"]
[ECO "B33"]
[WhiteElo "1956"]
[BlackElo "2244"]
[Annotator "NA"]
[PlyCount "94"]
[EventDate "2019.07.17"]
[EventType "team-tourn"]
[EventCountry "TUR"]
[SourceTitle "playchess.com"]
[Source "ChessBase"]
[SourceQuality "1"]
[TimeControl "40/5400+30:1800+30"]

1. e4 c5 2. Nf3 Nc6 3. d4 cxd4 4. Nxd4 Nf6 5. Nc3 e5 6. Ndb5 d6 7. Bg5 a6 8. Na3 b5 9. Nd5 Be7 10. Bxf6 Bxf6 11. c3 O-O 12. Nc2 Bg5 13. a4 bxa4 14. Rxa4 a5 15. Bc4 Rb8 16. b3 Kh8 17. Nce3 g6 18. O-O f5 19. exf5 gxf5 20. Qh5 e4 21. f4 exf3 22. Rxf3 Rb7 23. h4 Bxe3+ 24. Nxe3 Ne5 25. Rf4 Qb6 26. Rd4 Rg7 27. Bd5 Bd7 28. Ra2 a4 29. bxa4 f4 30. Rf2 Ng6 31. Nc4 Qc5 32. Nxd6 Qxd6 33. Bf7 Qe7 34. Bxg6 Rxg6 35. Rdxf4 Rxf4 36. Rxf4 Bc6 37. Rg4 Qe2 38. Rxg6 Qxh5 39. Rxc6 Qd1+ 40. Kh2 Qxa4 41. Rc8+ Kg7 42. Rc7+ Kh6 43. Kh3 Qe4 44. g3 Qh1+ 45. Kg4 Kg6 46. Rc5 Qd1+ 47. Kh3 Qf1+ 0-1

[Event "Turkish Super League 2019"]
[Site "Konya"]
[Date "2019.07.26"]
[Round "11"]
[White "Ali Marandi, Cemil Can"]
[Black "Tanriverdi, Enes"]
[Result "1-0"]
[ECO "D10"]
[WhiteElo "2527"]
[BlackElo "2374"]
[Annotator "ChessBase"]
[PlyCount "48"]
[EventDate "2019.07.17"]
[EventType "team-tourn"]
[EventCountry "TUR"]
[SourceTitle "playchess.com"]
[Source "ChessBase"]
[SourceQuality "1"]
[TimeControl "40/5400+30:1800+30"]

1. d4 d5 2. c4 c6 3. cxd5 cxd5 4. Bg5 Qb6 5. Nc3 e6 6. Qd2 Nc6 7. e3 Bd7 8. Bd3 Bd6 9. Nge2 Nge7 10. O-O O-O 11. Rad1 h6 12. Bh4 f5 13. Bg3 Bxg3 14. hxg3 Rad8 15. Bb1 Na5 16. b3 Be8 17. Nf4 g5 18. Nd3 Nac6 19. Rc1 Nc8 20. Nc5 Rf6 21. g4 fxg4 22. e4 Bf7 23. e5 Rf4 24. Ne2 Qb4 1-0

[Event "Turkish Super League 2019"]
[Site "Konya"]
[Date "2019.07.26"]
[Round "11"]
[White "Asadli, Vugar"]
[Black "Rasulov, Vugar"]
[Result "1/2-1/2"]
[ECO "D85"]
[WhiteElo "2502"]
[BlackElo "2534"]
[Annotator "ChessBase"]
[PlyCount "62"]
[EventDate "2019.07.17"]
[EventType "team-tourn"]
[EventCountry "TUR"]
[SourceTitle "playchess.com"]
[Source "ChessBase"]
[SourceQuality "1"]
[TimeControl "40/5400+30:1800+30"]

1. d4 Nf6 2. c4 g6 3. Nc3 d5 4. cxd5 Nxd5 5. e4 Nxc3 6. bxc3 Bg7 7. Nf3 O-O 8. Be2 c5 9. Be3 b6 10. Rc1 e6 11. O-O Bb7 12. Qd3 Nd7 13. Bg5 Qc7 14. Rfd1 Nf6 15. Nd2 Rac8 16. e5 Nd7 17. Ne4 f6 18. exf6 Nxf6 19. Nxf6+ Bxf6 20. Bh6 Bg7 21. Qh3 Bd5 22. c4 Qf7 23. cxd5 Qxf2+ 24. Kh1 Qxe2 25. Re1 Qf2 26. Qxe6+ Qf7 27. Bxg7 Kxg7 28. Qxf7+ Rxf7 29. Kg1 Rd7 30. dxc5 Rxc5 31. Rxc5 bxc5 1/2-1/2

[Event "Turkish Super League 2019"]
[Site "Konya"]
[Date "2019.07.26"]
[Round "11"]
[White "Firat, Burak"]
[Black "Yurtseven, Melih"]
[Result "0-1"]
[ECO "C02"]
[WhiteElo "2463"]
[BlackElo "2381"]
[Annotator "ChessBase"]
[PlyCount "196"]
[EventDate "2019.07.17"]
[EventType "team-tourn"]
[EventCountry "TUR"]
[SourceTitle "playchess.com"]
[Source "ChessBase"]
[SourceQuality "1"]
[TimeControl "40/5400+30:1800+30"]

1. e4 e6 2. d4 d5 3. e5 c5 4. c3 Qb6 5. Nf3 Nc6 6. Be2 cxd4 7. cxd4 Nh6 8. Bxh6 Qxb2 9. Nbd2 gxh6 10. O-O Qb6 11. Rb1 Qd8 12. Nb3 b6 13. Nc1 Ne7 14. h4 Bd7 15. Nd3 Nf5 16. g3 Rg8 17. Kh2 Rg4 18. Nf4 Rxf4 19. gxf4 Nxh4 20. Bd3 Rc8 21. Kg3 Ng6 22. Rc1 Rb8 23. Qd2 a5 24. a4 Bxa4 25. f5 Ne7 26. fxe6 fxe6 27. Bxh7 b5 28. Ra1 Kd7 29. Nh4 Nc6 30. f4 Bb4 31. Qd3 Be7 32. Nf3 Nb4 33. Qb1 Rc8 34. f5 Bc2 35. fxe6+ Kxe6 36. Qc1 Qf8 37. Ng5+ Bxg5 38. Rxf8 Rxf8 39. Qa3 Bxh7 40. Qxa5 Bf4+ 41. Kh4 Bg5+ 42. Kg3 Rg8 43. Qb6+ Kf5 44. Kf3 Bg6 45. Rh1 Rc8 46. Rf1 Bh5+ 47. Kg3+ Ke4 48. Re1+ Kd3 49. Qxb5+ Rc4 50. e6 Kd2 51. Rf1 Be2 52. Rf2 Ke1 53. Kg2 Bd3 54. Qa5 Be4+ 55. Kg1 Be3 56. Qa1+ Rc1 57. Qxc1+ Bxc1 58. e7 Be3 59. e8=Q Bxf2+ 60. Kh2 Nc2 61. Qc6 Be3 62. Qc3+ Ke2 63. Qb2 Bxd4 64. Qb5+ Ke1 65. Qa5+ Kd1 66. Qa8 Be3 67. Qc6 Kd2 68. Qa8 h5 69. Qa5+ Kd1 70. Qa8 Ne1 71. Kg3 Ke2 72. Qa6+ Nd3 73. Qa2+ Bd2 74. Kh4 Bf3 75. Kg3 Nb4 76. Qb2 Be4 77. Kh4 Nd3 78. Qa2 Nf4 79. Qb2 Ke3 80. Qa3+ Nd3 81. Kxh5 d4 82. Kg4 Bc3 83. Qa7 Ne5+ 84. Kg5 Bd2 85. Kf6 Nf3 86. Qc5 Bc3 87. Ke6 Kd2 88. Ke7 Bc2 89. Qh5 Ne1 90. Qg5+ Kd1 91. Qh5+ Kc1 92. Qg5+ Kb2 93. Qb5+ Bb3 94. Qe2+ Ka3 95. Qe5 Nc2 96. Kd8 Nb4 97. Kc7 Kb2 98. Qh2+ Bc2 0-1

[Event "Turkish Super League 2019"]
[Site "Konya"]
[Date "2019.07.26"]
[Round "11"]
[White "Haznedaroglu, Kivanc"]
[Black "Arat, Ufuk Sezen"]
[Result "1-0"]
[ECO "C22"]
[WhiteElo "2448"]
[BlackElo "2376"]
[Annotator "NA"]
[PlyCount "87"]
[EventDate "2019.07.17"]
[EventType "team-tourn"]
[EventCountry "TUR"]
[SourceTitle "playchess.com"]
[Source "ChessBase"]
[SourceQuality "1"]
[TimeControl "40/5400+30:1800+30"]

1. e4 e5 2. d4 exd4 3. Qxd4 Nc6 4. Qe3 g6 5. Nc3 Bg7 6. Bd2 Nf6 7. e5 Ng4 8. Qg3 d6 9. h3 Nh6 10. exd6 Nf5 11. Qh2 cxd6 12. O-O-O Be6 13. Nge2 d5 14. g4 Nd6 15. Nf4 Qd7 16. Nfxd5 O-O 17. Bf4 Nd4 18. Be5 Bxd5 19. Nxd5 N6b5 20. Bc4 Rfe8 21. Bxg7 Kxg7 22. Bxb5 Qxd5 23. Bxe8 Rxe8 24. Kb1 Qc4 25. c3 Nb5 26. Rd2 a5 27. Rc1 a4 28. Qg3 a3 29. b3 Qc6 30. c4 Nc7 31. Qc3+ Kg8 32. Rcd1 Nb5 33. Qd3 Nc7 34. f4 Ne6 35. Qd5 Qc7 36. f5 Nc5 37. f6 h6 38. Qd6 Qc8 39. Qd8 Kh7 40. Qxc8 Rxc8 41. Rd8 Rc6 42. R1d6 Rc7 43. b4 Ne4 44. R6d7 1-0

[Event "Turkish Super League 2019"]
[Site "Konya"]
[Date "2019.07.26"]
[Round "11"]
[White "Daulyte-Cornette, Deimante"]
[Black "Atalik, Ekaterina"]
[Result "1/2-1/2"]
[ECO "C45"]
[WhiteElo "2444"]
[BlackElo "2459"]
[Annotator "ChessBase"]
[PlyCount "70"]
[EventDate "2019.07.17"]
[EventType "team-tourn"]
[EventCountry "TUR"]
[SourceTitle "playchess.com"]
[Source "ChessBase"]
[SourceQuality "1"]
[TimeControl "40/5400+30:1800+30"]

1. e4 e5 2. Nf3 Nc6 3. d4 exd4 4. Nxd4 Bb4+ 5. c3 Bc5 6. Be3 Bb6 7. Nf5 Bxe3 8. Nxe3 d6 9. c4 Nge7 10. Nc3 O-O 11. Bd3 Nd4 12. Bb1 c5 13. O-O a6 14. Nc2 Nec6 15. Nxd4 Nxd4 16. Ne2 Nc6 17. Bc2 b5 18. Bb3 b4 19. Qd2 Qf6 20. Rad1 Rd8 21. Ba4 Ne5 22. b3 g5 23. f4 gxf4 24. Nxf4 Qh6 25. Qf2 Bb7 26. Nd3 Qg6 27. Nxe5 dxe5 28. Qxc5 Bxe4 29. g3 Rxd1 30. Rxd1 Qh5 31. Rd2 Qf3 32. Qxe5 Qe3+ 33. Rf2 Qe1+ 34. Rf1 Qe3+ 35. Rf2 Qe1+ 1/2-1/2

[Event "Turkish Super League 2019"]
[Site "Konya"]
[Date "2019.07.26"]
[Round "11"]
[White "Tsolakidou, Stavroula"]
[Black "Dordzhieva, Dinara"]
[Result "1-0"]
[ECO "B81"]
[WhiteElo "2423"]
[BlackElo "2306"]
[Annotator "NA"]
[PlyCount "87"]
[EventDate "2019.07.17"]
[EventType "team-tourn"]
[EventCountry "TUR"]
[SourceTitle "playchess.com"]
[Source "ChessBase"]
[SourceQuality "1"]
[TimeControl "40/5400+30:1800+30"]

1. e4 c5 2. Nf3 e6 3. d4 cxd4 4. Nxd4 Nf6 5. Nc3 d6 6. g4 h6 7. h3 a6 8. Bg2 Be7 9. f4 Nc6 10. Be3 Nd7 11. O-O O-O 12. Nf3 b5 13. Ne2 Bb7 14. Ng3 Rc8 15. Qe2 Na5 16. Rad1 b4 17. f5 Nc4 18. Bc1 e5 19. h4 Bxh4 20. Nxh4 Qxh4 21. g5 Qxg3 22. Rd3 Ne3 23. Rxe3 Qxg5 24. Rh3 Qf6 25. Qg4 Rxc2 26. Bxh6 d5 27. Kh1 dxe4 28. Be3 Rfc8 29. Qh5 Kf8 30. Bg5 Rxg2 31. Kxg2 e3+ 32. Kg1 e2 33. Bxf6 exf1=Q+ 34. Kxf1 gxf6 35. Qd1 Ke7 36. Rh4 a5 37. Qa4 Rc5 38. a3 Nb6 39. Qb3 Bd5 40. Qe3 Rc6 41. axb4 a4 42. b5 Rd6 43. Qc5 Kd7 44. Rh8 1-0

[Event "Turkish Super League 2019"]
[Site "Konya"]
[Date "2019.07.26"]
[Round "11"]
[White "Ozen, Bahadir"]
[Black "Yaran, Siar"]
[Result "1/2-1/2"]
[ECO "E05"]
[WhiteElo "2366"]
[BlackElo "2197"]
[Annotator "NA"]
[PlyCount "61"]
[EventDate "2019.07.17"]
[EventType "team-tourn"]
[EventCountry "TUR"]
[SourceTitle "playchess.com"]
[Source "ChessBase"]
[SourceQuality "1"]
[TimeControl "40/5400+30:1800+30"]

1. Nf3 Nf6 2. c4 e6 3. d4 d5 4. g3 Be7 5. Bg2 O-O 6. O-O dxc4 7. Qc2 a6 8. a4 Bd7 9. Ne5 Bc6 10. Nxc6 Nxc6 11. e3 Na5 12. Nd2 c5 13. dxc5 Rc8 14. b4 cxb3 15. Nxb3 Nxb3 16. Qxb3 Nd7 17. Ba3 Nxc5 18. Bxc5 Rxc5 19. Qxb7 a5 20. Rfd1 Qc7 21. Qxc7 Rxc7 22. Rac1 Rxc1 23. Rxc1 g6 24. Bb7 Rd8 25. Rc8 Rxc8 26. Bxc8 Bb4 27. Kf1 Kf8 28. Ke2 Ke7 29. f4 Kd6 30. e4 h5 31. Kf3 1/2-1/2

[Event "Turkish Super League 2019"]
[Site "Konya"]
[Date "2019.07.26"]
[Round "11"]
[White "Tarlabasi, Emirhan"]
[Black "Kerigan, Demre"]
[Result "1/2-1/2"]
[ECO "B07"]
[WhiteElo "2352"]
[BlackElo "2398"]
[Annotator "NA"]
[PlyCount "99"]
[EventDate "2019.07.17"]
[EventType "team-tourn"]
[EventCountry "TUR"]
[SourceTitle "playchess.com"]
[Source "ChessBase"]
[SourceQuality "1"]
[TimeControl "40/5400+30:1800+30"]

1. d4 g6 2. Nf3 Nf6 3. Nbd2 Bg7 4. e4 d6 5. Bd3 O-O 6. O-O c5 7. c3 cxd4 8. cxd4 Nc6 9. h3 a5 10. a4 Nb4 11. Be2 Bd7 12. e5 Nfd5 13. Nc4 Bf5 14. Ra3 Qc7 15. exd6 exd6 16. Ne3 Be4 17. Nxd5 Nxd5 18. Bd2 Rac8 19. Re1 Bc2 20. Qa1 Qb6 21. Bb5 Nc7 22. Bf1 Ne6 23. Rxe6 fxe6 24. Qe1 Kh8 25. Bb5 Qd8 26. Bxa5 b6 27. Bb4 Rf6 28. Re3 d5 29. Ng5 Bf5 30. g4 Bh6 31. gxf5 Bxg5 32. fxe6 Qg8 33. Re5 Bh4 34. e7 Bxf2+ 35. Qxf2 Rxf2 36. e8=Q Rxe8 37. Rxe8 Qxe8 38. Bxe8 Rxb2 39. Bd6 Kg7 40. Bc6 Ra2 41. Bc7 Kf6 42. Bxb6 Kf5 43. a5 Ke4 44. Bb5 Kf3 45. h4 Rg2+ 46. Kh1 Kf2 47. Bc7 Rg4 48. a6 Rxh4+ 49. Bh2 Re4 50. Bg1+ 1/2-1/2

[Event "Turkish Super League 2019"]
[Site "Konya"]
[Date "2019.07.26"]
[Round "11"]
[White "Savina, Anastasia"]
[Black "Buksa, Nataliya"]
[Result "0-1"]
[ECO "D29"]
[WhiteElo "2344"]
[BlackElo "2379"]
[Annotator "NA"]
[PlyCount "108"]
[EventDate "2019.07.17"]
[EventType "team-tourn"]
[EventCountry "TUR"]
[SourceTitle "playchess.com"]
[Source "ChessBase"]
[SourceQuality "1"]
[TimeControl "40/5400+30:1800+30"]

1. d4 d5 2. c4 e6 3. Nc3 a6 4. e3 dxc4 5. Bxc4 b5 6. Bb3 Bb7 7. Nf3 Nf6 8. Qe2 Nbd7 9. O-O c5 10. Rd1 Qc7 11. e4 cxd4 12. Nxd4 b4 13. Nd5 exd5 14. exd5+ Kd8 15. Nc6+ Bxc6 16. dxc6 Qxc6 17. Bg5 Rc8 18. Rac1 Bc5 19. Bxf6+ Qxf6 20. Ba4 Bxf2+ 21. Qxf2 Qxf2+ 22. Kxf2 Rxc1 23. Rxc1 Ne5 24. Ke3 Ke7 25. Rc7+ Kf6 26. Ra7 Nc4+ 27. Kd4 Nxb2 28. Rxa6+ Kg5 29. Ra5+ f5 30. Bc2 g6 31. Rd5 Re8 32. Bb3 Re2 33. Kc5 Rxg2 34. Kxb4 Rxh2 35. Kc3 Na4+ 36. Bxa4 Rxa2 37. Bc2 Ra7 38. Kd2 Re7 39. Bd3 h5 40. Rd8 h4 41. Be2 Kf4 42. Ke1 g5 43. Kf2 g4 44. Bd3 Re5 45. Rh8 Rd5 46. Bf1 Rd2+ 47. Kg1 Kg3 48. Re8 h3 49. Re3+ Kf4 50. Ra3 Rd1 51. Ra2 g3 52. Ra4+ Kg5 53. Ra3 g2 54. Rg3+ Kf4 0-1